 Bloatcrawl 2 version 0.50.1-497-g763ebf1 (webtiles) character file.

Game seed: 14032489051612968094, levelgen mode: deterministic

26184 Dorkslayer the Blocker (level 12, -3/74 HPs)
             Began as a Crystal Dwarf Fighter on Dec 1, 2020.
             Was a Priest of the Shining One.
             Slain by an orc warrior
             ... wielding a +0 long sword
             ... led by an orc warlord
              (15 damage)
             ... on level 2 of the Orcish Mines.
             The game lasted 00:37:14 (9677 turns).

Dorkslayer the Blocker (Crystal Dwarf Fighter)      Turns: 9677, Time: 00:37:14

Health: -3/74      AC: 18    Str: 24    XL:     12   Next: 96%
Magic:  17/17      EV:  5    Int:  9    God:    the Shining One [***...]
Gold:   1302       SH:  0    Dex: 11    Spells: 11/11 levels left Game modifiers: x1.5 XP

rFire   . . .      SeeInvis .    o - +2 war axe (distort)
rCold   . . .      Gourm    .    i - +0 tower shield
rNeg    + + .      Faith    .    F - +0 plate armour
rPois   .          Spirit   .    (no helmet)
rElec   .          Reflect  +    e - +0 cloak
rCorr   .          Harm     .    v - +0 pair of gloves
MR      +....                    j - +0 pair of boots
Stlth   ..........               (no amulet)
HPRegen 0.22/turn                x - ring of positive energy
MPRegen 0.15/turn                c - +2 ring of protection

@: confused, mighty, divine shield, glowing
A: crystal skin
a: Divine Shield, Renounce Religion


You were on level 2 of the Orcish Mines.
You worshipped the Shining One.
The Shining One was most pleased with you.
You were not hungry.

You visited 2 branches of the dungeon, and saw 13 of its levels.

You collected 1302 gold pieces.

Inventory:

Hand Weapons
 a - a +1 war axe
 l - the +4 dagger "Keicy" {flame, *Slow +Blink rPois rC++}
   (You found it on level 5 of the Dungeon)

   It has been specially enchanted to burn those struck by it, causing extra
   injury to most foes and up to half again as much damage against particularly
   susceptible opponents.
   It greatly protects you from cold.
   It protects you from poison.
   It lets you blink.
   It may slow you when you take damage.
 o - a +2 war axe of distortion (weapon)
Missiles
 w - 17 boomerangs (quivered)
Armour
 e - a +0 cloak (worn)
 i - a +0 tower shield (worn)
 j - a +0 pair of boots (worn)
 v - a +0 pair of gloves (worn)
 F - a +0 plate armour (worn)
Jewellery
 c - a +2 ring of protection (right hand)
 h - an uncursed ring of flight
 x - a ring of positive energy (left hand)
Wands
 d - a wand of flame (25)
 B - a wand of acid (8)
 C - a wand of paralysis (4)
Scrolls
 b - 3 scrolls of immolation {unknown}
 m - 3 scrolls of blinking
 q - 2 scrolls of amnesia
 t - 2 scrolls of remove curse
 y - a scroll of enchant armour {unknown}
 z - a scroll of torment {unknown}
 D - a scroll of vulnerability {unknown}
Potions
 k - 3 potions of brilliance
 n - 2 potions of flight
 p - 2 potions of stabbing
 s - a potion of magic
 u - 2 potions of curing
Comestibles
 f - 17 rations
 A - 17 chunks of flesh


   Skills:
 * Level 8.2 Fighting
 + Level 0.5 Short Blades
 + Level 10.5 Axes
 + Level 1.6 Throwing
 + Level 6.1 Armour
 + Level 2.7 Dodging
 + Level 1.0 Stealth
 * Level 11.3 Shields
 * Level 6.8 Invocations
 * Level 6.9 Evocations


You had 11 spell levels left.
You didn't know any spells.
Your spell library contained the following spells:

 Spells                   Type           Power        Failure   Level  Hunger
 Summon Small Mammal      Summ           #...         100%        1    ##.....
 Call Imp                 Summ           #.......     100%        2    ###....
 Call Canine Familiar     Summ           #.......     100%        3    ####...
 Summon Guardian Golem    Hex/Summ       #.......     100%        3    ####...
 Summon Ice Beast         Ice/Summ       #.......     100%        4    #####..
 Summon Lightning Spire   Summ/Air       #.......     100%        4    #####..
 Haunt                    Necr/Summ      #.........   100%        7    #######
 Borgnjor's Revivificati  Necr           #.........   100%        8    #######
 Death's Door             Chrm/Necr      #.........   100%        8    #######
 Infestation              Necr           #.........   100%        8    #######
 Necromutation            Tmut/Necr      #.........   100%        8    #######


Dungeon Overview and Level Annotations

Branches:
Dungeon (11/15)            Temple (0/1) D:6            Lair (0/6) D:9
    Orc (2/2) D:10            Elf (0/3) Orc:2

Altars:
Cheibriados
Dithmenos
Elyvilon
Fedhas
Sif Muna
Trog
Vehumet
Wu Jian
Xom
Yredelemnul
The Shining One

Annotations:
Abyss:1 Jorgrun


Message History

The orc no longer looks unusually strong.
The orc warlord roars a battlecry!
The orcs go into a battle-frenzy!
The orc warrior hits you with a +0 long sword!
* * * LOW HITPOINT WARNING * * *
You block the orc warlord's attack.
You hear a shout!
You slash the orc warlord!
The orc warlord is moderately wounded.
You slash the orc warrior!
The orc warrior blinks!
The orc warlord blinks!
You hear a shout! x2; You hear a howl!
The orc warlord roars a battlecry! x2
The orc warrior goes into a battle-frenzy!
You hear a shout!
You are confused.
You feel invigorated.
You hear a shout! x3
The orc hits you but does no damage.
The orc warrior hits you with a +0 long sword!
You die...

##..............,,,***,,***,*,*
#.....).............##*,,***,,,
#....................#**,,***,*
#.....................***,,****
#..................o..,***,,**
#...................,.,***,,,**
#.......)...o.....,...,,**,,,,*
#........o#.#o#o#.....,,,*,,,,,
##.......o.ooT@.......,,,,,,*,*
###.##')#########''##,,,,,,,,,
###...o#* **,,,,**,,,,,<,*
*#.o).o.#****,,,,,,**,,#..,,
*#.........,,,,,,,,,,**,....,
#...ooo...o.,,,,,,,,,,*,....#
#..oo#......,*,,,,,,,,*,.....
#.ooo##...o.***,,,,,,,*,.....
*,,,,**,,,o,,*,,,,,,,,*,,*#..


You could see 2 orc warlords, a troll, 3 orc warriors and 3 orcs.

Vanquished Creatures
  An orc warlord (Orc:2)
  Erolcha (Orc:1)
  2 two-headed ogres
  An unseen horror (D:10)
  Pikel (D:7)
  An orc knight (Orc:2)
  3 orc sorcerers
  A centaur skeleton (D:10)
  Maggie (D:8)
  4 trolls
  Prince Ribbit (D:5)
  3 hippogriffs
  Sigmund (D:6)
  Eustachio (D:6)
  2 wargs (Orc:2)
  A porcupine (D:9)
  16 orc warriors
  A slave (D:7)
  A sky beast (D:8)
  An ice beast (D:8)
  6 ogres
  4 phantoms
  A centaur (D:9)
  A big kobold (D:7)
  5 bullfrogs
  A scorpion (D:9)
  A howler monkey (D:7)
  An electric eel (D:10)
  A centaur zombie (D:6)
  6 crimson imps
  2 jellies
  A quasit (D:9)
  12 orc priests
  6 hounds
  15 orc wizards
  An iguana (D:8)
  2 hell rats (D:9)
  6 worker ants
  A killer bee zombie (D:10)
  A hound zombie (D:5)
  A hound skeleton (D:9)
  8 gnolls
  14 adders
  A howler monkey skeleton (D:6)
  A river rat (D:9)
  A shadow imp (D:3)
  An ooze (D:3)
  3 worms
  3 dart slugs
  5 leopard geckos
  44 orcs
  A giant cockroach (D:1)
  7 goblins
  4 hobgoblins
  22 jackals
  6 quokkas
  3 ball pythons
  8 bats
  3 frilled lizards
  A jackal skeleton (D:5)
  3 kobolds
  A leopard gecko skeleton (D:9)
  A quokka skeleton (D:4)
  5 rats
265 creatures vanquished.

Vanquished Creatures (others)
  3 death yaks (D:9)
  A troll (Orc:2)
  A hungry ghost (D:9)
  3 orc warriors
  2 centaurs (D:7)
  3 ogres
  An orc wizard (Orc:2)
  A leopard gecko (D:7)
  6 kobolds (D:7)
21 creatures vanquished.

Grand Total: 286 creatures vanquished

Notes
Turn   | Place    | Note
-------+----------+-------------------------------------------
     0 | D:1      | Dorkslayer the Crystal Dwarf Fighter began the quest for
                  | the Orb.
     0 | D:1      | Reached XP level 1. HP: 14/14 MP: 1/1
   154 | D:1      | Reached XP level 2. HP: 19/19 MP: 2/2
   550 | D:1      | Reached XP level 3. HP: 13/23 MP: 3/3
  1290 | D:2      | Reached XP level 4. HP: 28/28 MP: 4/4
  1460 | D:2      | Found a snail-covered altar of Cheibriados.
  1538 | D:2      | Found a glowing golden altar of the Shining One.
  1601 | D:2      | Became a worshipper of the Shining One
  1905 | D:3      | Reached skill level 4 in Shields
  2485 | D:3      | Reached XP level 5. HP: 32/32 MP: 5/5
  2508 | D:2      | Found a basalt altar of Yredelemnul.
  2772 | D:4      | Noticed a phantom
  2808 | D:4      | Killed a phantom
  2808 | D:4      | Reached XP level 6. HP: 19/37 MP: 6/6
  2819 | D:4      | Reached skill level 1 in Invocations
  2888 | D:4      | Reached skill level 5 in Shields
  3175 | D:4      | Reached skill level 1 in Evocations
  3254 | D:4      | Found a blossoming altar of Fedhas.
  3363 | D:5      | Entered Level 5 of the Dungeon
  3372 | D:5      | The Shining One protects you from harm!
  3397 | D:5      | Found a white marble altar of Elyvilon.
  3406 | D:5      | Reached XP level 7. HP: 41/41 MP: 8/8
  3545 | D:5      | Noticed Prince Ribbit
  3563 | D:5      | Reached * piety under the Shining One
  3609 | D:5      | Got an encrusted dagger
  3610 | D:5      | Identified the +4 dagger "Keicy" {flame, *Slow +Blink rPois
                  | rC++} (You found it on level 5 of the Dungeon)
  3848 | D:5      | Reached skill level 1 in Dodging
  3876 | D:5      | Killed Prince Ribbit
  3876 | D:5      | Reached skill level 6 in Shields
  3876 | D:5      | Reached XP level 8. HP: 24/48 MP: 9/9
  3929 | D:5      | Found a shadowy altar of Dithmenos.
  4024 | D:5      | Reached skill level 5 in Axes
  4117 | D:6      | Found a radiant altar of Vehumet.
  4165 | D:6      | Found a shimmering blue altar of Sif Muna.
  4212 | D:6      | Noticed Sigmund
  4223 | D:6      | Killed Sigmund
  4296 | D:6      | Reached XP level 9. HP: 38/52 MP: 11/11
  4564 | D:6      | Found a staircase to the Ecumenical Temple.
  4667 | D:6      | Reached skill level 5 in Fighting
  5004 | D:6      | Noticed Eustachio
  5024 | D:6      | Killed Eustachio
  5108 | D:7      | Found an ornate altar of the Wu Jian Council.
  5109 | D:7      | Reached skill level 1 in Stealth
  5197 | D:7      | Reached skill level 7 in Shields
  5358 | D:7      | Reached ** piety under the Shining One
  5393 | D:7      | Noticed Pikel
  5428 | D:7      | Killed Pikel
  5428 | D:7      | Reached XP level 10. HP: 31/60 MP: 11/13
  5609 | D:8      | Noticed a two-headed ogre
  5621 | D:8      | Killed a two-headed ogre
  5621 | D:8      | Reached skill level 8 in Shields
  6118 | D:8      | Noticed Maggie
  6132 | D:8      | Killed Maggie
  6562 | D:8      | Found a bloodstained altar of Trog.
  6571 | D:8      | Found a shimmering altar of Xom.
  6836 | D:9      | Found a staircase to the Lair.
  6836 | D:9      | Noticed a death yak
  6849 | D:9      | Noticed a death yak
  6850 | D:9      | Noticed a death yak
  6851 | D:9      | Banished a death yak
  6851 | D:9      | Reached skill level 9 in Shields
  6851 | D:9      | Reached skill level 5 in Invocations
  6851 | D:9      | Reached skill level 5 in Evocations
  6866 | D:9      | Banished a death yak
  6866 | D:9      | Reached XP level 11. HP: 25/66 MP: 11/14
  6882 | D:9      | Banished a death yak
  6982 | D:9      | Reached skill level 1 in Throwing
  7141 | D:9      | Reached skill level 5 in Armour
  7522 | D:10     | Entered Level 10 of the Dungeon
  7616 | D:10     | Found a staircase to the Orcish Mines.
  7720 | D:10     | Noticed an unseen horror
  7740 | D:10     | Killed an unseen horror
  7788 | D:10     | Reached *** piety under the Shining One
  8004 | Orc:1    | Entered Level 1 of the Orcish Mines
  8014 | Orc:1    | Reached skill level 10 in Shields
  8177 | Orc:1    | Noticed Erolcha
  8186 | Orc:1    | Paralysed by Erolcha for 4 turns
  8192 | Orc:1    | Killed Erolcha
  8197 | Orc:1    | Noticed Jorgrun
  8200 | Orc:1    | Noticed an orc sorcerer
  8201 | Orc:1    | Banished Jorgrun
  8201 | Orc:1    | Reached XP level 12. HP: 72/72 MP: 16/16
  8340 | Orc:2    | Entered Level 2 of the Orcish Mines
  8441 | Orc:2    | Paralysed by an orc sorcerer for 4 turns
  8675 | Orc:2    | Reached skill level 10 in Axes
  9148 | Orc:2    | Noticed an orc warlord
  9151 | Orc:2    | Reached skill level 11 in Shields
  9375 | Orc:2    | Killed an orc warlord
  9399 | Orc:2    | Found a staircase to the Elven Halls.
  9604 | Orc:2    | Noticed a two-headed ogre
  9611 | Orc:2    | Killed a two-headed ogre
  9650 | Orc:2    | Noticed an orc warlord
  9657 | Orc:2    | Noticed an orc warlord
  9677 | Orc:2    | Slain by an orc warrior

Levels and vault maps discovered:
D:1:      evilmike_arrival_plus, layout_loops_corners, serial_co_window_serial,
          co_window_paths_b, co_window_corner_a, co_window_paths_a,
          co_window_paths_b, co_window_corner_a, co_window_broadway_a,
          co_window_corner_b, co_window_of_opportunity_b,
          co_window_unsneaky_path_e, co_window_of_opportunity_c,
          co_window_2corner, glass_columns_b, glass_columns_a, glass_columns_a,
          glass_columns_b, glass_columns_b
D:2:      layout_basic, lemuel_coloured_pillars_altar,
          nicolae_overflow_hidden_temple, lemuel_crystal_altar
D:3:      layout_basic
D:4:      layout_rooms, lemuel_crystal_altar
D:5:      layout_rooms, marbit_many_paths, nicolae_overflow_crystal_walls,
          first_ration, uniq_prince_ribbit1
D:6:      layout_loops_cross, fiery_altar_vehumet, kennysheep_mini,
          minmay_temple_entry_junction_2, serial_rivers,
          chequers_serial_rivers_small_b, chequers_serial_rivers_micro_d,
          chequers_serial_rivers_small_b, chequers_serial_rivers_small_b,
          uniq_sigmund, uniq_eustachio
D:7:      layout_rooms, old_standard_altar, uniq_pikel
D:8:      layout_loops_ring, amethyst_overflow_temple_binary, uniq_maggie
D:9:      layout_basic, dpeg_lair_monsters
D:10:     statuecave_lemuel, layout_rooms, orc_0_dummy
D:11:     layout_basic, grunt_tengu_nest, uniq_nergalle
Orc:1:    layout_caves, uniq_erolcha, uniq_jorgrun
Orc:2:    pf_orc_diabolical, layout_diamond_mine, nicolae_orc_bridge_out,
          minmay_orc_treasury

Skill      XL: |  1  2  3  4  5  6  7  8  9 10 11 12 |
---------------+-------------------------------------+-----
Shields        | 4 5 6 7 9 10 11 | 11.3
Axes           | 3 4 5 6 8 9 10 | 10.5
Invocations    | 1 2 3 4 5 6 |  6.8
Evocations     | 1 2 3 4 5 6 |  6.9
Fighting       | 4 5 6 7 8 |  8.2
Dodging        | 1 2 |  2.7
Armour         | 4 5 6 |  6.1
Stealth        | 1 |  1.0
Throwing       | 1 |  1.6
Short Blades   | |  0.5

Action                   |  1- 3 |  4- 6 |  7- 9 | 10-12 || total
-------------------------+-------+-------+-------+-------++-------
Melee: War axe           |   126 |   221 |   245 |   376 ||   968
       Dagger            |       |       |    16 |       ||    16
Throw: Boomerang         |       |       |     4 |    28 ||    32
Invok: Divine Shield     |       |       |     1 |    11 ||    12
Evoke: Wand              |       |       |    12 |    16 ||    28
  Use: Scroll            |       |     8 |     7 |     8 ||    23
       Potion            |       |     5 |     3 |     6 ||    14
  Eat: Chunk             |     1 |     8 |     3 |    12 ||    24
       Ration            |       |       |     1 |     2 ||     3
Armor: Scale mail        |    53 |    64 |    52 |     5 ||   174
       Chain mail        |       |       |       |    22 ||    22
       Steam dragon scal |       |       |       |     1 ||     1
       Plate armour      |       |       |       |    23 ||    23
Dodge: Dodged            |    16 |    29 |    28 |    24 ||    97
Block: Tower shield      |   129 |   270 |   310 |   422 ||  1131
       Reflection        |     1 |       |    10 |    18 ||    29
